 Dungeon Crawl Stone Soup version 0.27.1-34-g3ba077fa99 (webtiles) character file.

Game seed: 5231652624680825489

1330 mtoz the Skirmisher (level 8, -4/73 HPs)
             Began as a Minotaur Berserker on Jan 5, 2022.
             Was a Believer of Trog.
             Killed by vampiric draining
             ... invoked by Jazqba's ghost
              (13 damage)
             ... on level 5 of the Dungeon.
             The game lasted 00:17:42 (4589 turns).

mtoz the Skirmisher (Minotaur Berserker)            Turns: 4589, Time: 00:17:43

Health: -4/73      AC:  9    Str: 24    XL:     8   Next: 34%
Magic:  7/7        EV: 12    Int:  4    God:    Trog [**....]
Gold:   297        SH:  0    Dex: 10    Spells: 7/7 levels left

rFire    . . .     SeeInvis .   d - +0 war axe
rCold    . . .     Faith    .   (no shield)
rNeg     . . .     Spirit   .   i - +0 ring mail
rPois    .         Reflect  .   (helmet restricted)
rElec    .         Harm     .   f - +2 cloak
rCorr    .         Rampage  .   (no gloves)
Will     .....                  (no boots)
Stlth    ..........             (no amulet)
HPRegen  0.22/turn              (no ring)
MPRegen  0.10/turn              (no ring)

@: about to teleport, on berserk cooldown, slowed, studying Polearms, very slow
A: horns 2, retaliatory headbutt
a: Renounce Religion, Berserk, Trog's Hand


You were on level 5 of the Dungeon.
You worshipped Trog.
Trog was pleased with you.
You visited 1 branch of the dungeon, and saw 5 of its levels.

You collected 297 gold pieces.

Inventory:

Hand Weapons
 d - a +0 war axe (weapon)
Armour
 f - a +2 cloak (worn)
 i - a +0 ring mail (worn)
Scrolls
 c - a scroll of fog {unknown}
 h - a scroll of teleportation
 j - a scroll of holy word
Potions
 a - 2 potions of flight {unknown}
 b - a potion of resistance
 g - 2 potions of curing
 k - a potion of magic


   Skills:
 + Level 7.0 Fighting
 + Level 7.0 Axes
 - Level 0.2(4.3) Polearms
 + Level 6.6 Armour
 + Level 5.9 Dodging


You had 7 spell levels left.
You didn't know any spells.
Your spell library was empty.

Dungeon Overview and Level Annotations

Branches:
Dungeon (5/15)
 Temple: D:4-7

Altars:
Elyvilon
Gozag
Nemelex Xobeh
Wu Jian

Shops:
D:5 [

Annotations:
D:5 Jazqba's ghost, novice HONe


Innate Abilities, Weirdness & Mutations

You have a pair of horns on your head.
You reflexively headbutt those who attack you in melee.


Message History

Jazqba's ghost hits you but does no damage.
You hit Jazqba's ghost. Your headbutt misses Jazqba's ghost.
Jazqba's ghost is severely damaged.
Your skin stops crawling.
You feel less strong-willed.
You feel sick.
You closely miss Jazqba's ghost.
Jazqba's ghost is severely damaged.
Jazqba's ghost points at you and mumbles some strange words.
Pain shoots through your body!
You closely miss Jazqba's ghost.
Jazqba's ghost is severely damaged.
You feel sick. Jazqba's ghost hits you.
You slash Jazqba's ghost!
Jazqba's ghost is severely damaged.
You feel sick.
You are no longer poisoned.
Jazqba's ghost draws life force from you!
* * * LOW HITPOINT WARNING * * *
Jazqba's ghost is healed by the life force!
You barely miss Jazqba's ghost.
Jazqba's ghost is severely damaged.
You are no longer berserk.
You are exhausted.
You feel yourself slow down.
You hit Jazqba's ghost but do no damage.
You headbutt Jazqba's ghost, but do no damage.
Jazqba's ghost is severely damaged.
Jazqba's ghost hits you but does no damage.
Jazqba's ghost hits you.
* * * LOW HITPOINT WARNING * * *
Okay, then.
Okay, then.
As you read the scroll of teleportation, it crumbles to dust.
You feel strangely unstable. Jazqba's ghost hits you.
* * * LOW HITPOINT WARNING * * *
Jazqba's ghost closely misses you.
You slash Jazqba's ghost! Your headbutt misses Jazqba's ghost.
Jazqba's ghost is almost destroyed.
Jazqba's ghost draws life force from you!
You die...

#.###.#.#######........##
#......##[!8$.##........### #
###.....##8.....8##.........#
###....##.#(.......(#.........##
.##..######♣.......♣#...#......#
..>..#### #⌠.......⌠#.....##...#
#....##.###♣.......♣#..##.###.###
#.........####'W'####...#.......#
#......##.......@...#...#....#..#
..####..#.<...#.............#..##
..# #........##...#........##.#
..####.######.P.PP.###.#....####
........# #.P...P# #.##..##
.#.....## ##P...P###....##
.......#######P...P.......#
##.......##.##.PPP.......##
#....##........#..........##


You could see Jazqba's ghost.

Vanquished Creatures
  The ghost of diceflayer the Skirmisher, a novice MiFi (D:5)
  The ghost of vvlvvlvvl the Skirmisher, an amateur DsFi (D:5)
  A water moccasin (D:5)
  2 black bears
  A phantom (D:5)
  A scorpion (D:5)
  A bullfrog zombie (D:5)
  An orc priest (D:4)
  2 centaur skeletons
  4 hounds
  2 iguanas (D:5)
  3 hound skeletons
  5 adders
  A worm (D:2)
  15 orcs
  4 endoplasms
  4 giant cockroaches
  4 goblins
  8 hobgoblins
  A quokka (D:5)
  8 ball pythons
  A bat (D:2)
  2 frilled lizards
  5 kobolds
  7 rats
85 creatures vanquished.

Vanquished Creatures (others)
  2 plants (D:3)
  4 toadstools (D:5)
6 creatures vanquished.

Grand Total: 91 creatures vanquished

Notes
Turn   | Place    | Note
-------+----------+-------------------------------------------
     0 | D:1      | mtoz the Minotaur Berserker began the quest for the Orb.
     0 | D:1      | Reached XP level 1. HP: 19/19 MP: 0/0
   535 | D:1      | Found a faded altar of an unknown god.
   597 | D:1      | Reached XP level 2. HP: 27/27 MP: 1/1
  1089 | D:2      | Reached XP level 3. HP: 24/33 MP: 2/2
  1603 | D:3      | Reached ** piety under Trog
  1817 | D:3      | Found a white marble altar of Elyvilon.
  1855 | D:3      | Reached XP level 4. HP: 39/40 MP: 3/3
  1875 | D:3      | Found an opulent altar of Gozag.
  2482 | D:4      | Found an ornate altar of the Wu Jian Council.
  2671 | D:4      | Reached XP level 5. HP: 34/47 MP: 4/4
  3160 | D:4      | Noticed a black bear
  3173 | D:4      | Killed a black bear
  3174 | D:4      | Reached skill level 5 in Fighting
  3174 | D:4      | Reached skill level 5 in Axes
  3174 | D:4      | Reached XP level 6. HP: 47/56 MP: 5/5
  3243 | D:5      | Entered Level 5 of the Dungeon
  3243 | D:5      | Noticed diceflayer's ghost (novice MiFi)
  3243 | D:5      | Noticed Jazqba's ghost (novice HONe)
  3243 | D:5      | Found a runed translucent gate.
  3243 | D:5      | Found a runed translucent gate.
  3243 | D:5      | Found a runed translucent gate.
  3244 | D:5      | Noticed vvlvvlvvl's ghost (amateur DsFi)
  3467 | D:5      | Found Opillu's Armour Emporium.
  3484 | D:5      | Noticed a water moccasin
  3491 | D:5      | Killed a water moccasin
  3492 | D:5      | Reached skill level 5 in Armour
  3492 | D:5      | Reached XP level 7. HP: 37/62 MP: 6/6
  3932 | D:5      | Reached skill level 5 in Dodging
  4038 | D:5      | Found a sparkling altar of Nemelex Xobeh.
  4576 | D:5      | Killed vvlvvlvvl's ghost
  4577 | D:5      | Reached XP level 8. HP: 71/71 MP: 7/7
  4580 | D:5      | Killed diceflayer's ghost
  4589 | D:5      | Killed from afar by Jazqba's ghost

Illustrated notes

Levels and vault maps discovered:
D:1:      wheals_arrival_linesprint, layout_rooms,
          ebering_ecumenical_altar_hall, nrook_mini_vaults
D:2:      layout_rooms, minmay_misc_feat_square
D:3:      layout_basic, grunt_gozag_breadcrumbs, elyvilon_altar_3,
          serial_bayou_crossing
D:4:      layout_loops_ring, lemuel_crystal_altar
D:5:      layout_cave_pools, nemelex_spade_bored_becter,
          gammafunk_ghost_cemetery, serial_shops, shop, grunt_decor_fettered,
          minmay_gold_behind_fungi, dk_noncrumbling_3

Skill      XL: |  1  2  3  4  5  6  7  8 |
---------------+-------------------------+-----
Fighting       | 4 5 6 7 |  7.0
Axes           | 4 5 6 7 |  7.0
Armour         | 3 4 5 6 |  6.6
Dodging        | 3 4 5 |  5.9
Polearms       | |  0.2

Action                   |  1- 3 |  4- 6 |  7- 9 || total
-------------------------+-------+-------+-------++-------
Melee: Hand axe          |    83 |    55 |       ||   138
       Headbutt          |    16 |    12 |    15 ||    43
       War axe           |       |    17 |    68 ||    85
Invok: Trog's Hand       |     1 |     1 |     1 ||     3
       Berserk           |       |     1 |     1 ||     2
  Use: Scroll            |     2 |     6 |     3 ||    11
       Potion            |       |     5 |       ||     5
 Stab: Sleeping          |     1 |       |       ||     1
Armor: Animal skin       |     3 |       |       ||     3
       Ring mail         |    21 |    29 |    27 ||    77
Dodge: Dodged            |    44 |    51 |    38 ||   133
